 Dungeon Crawl Stone Soup version 0.28.0-43-g3370ac3207 (webtiles) character file.

Game seed: 10710979719669453846

142 mortz the Conjurer (level 5, -1/36 HPs)
             Began as a Human Conjurer on Mar 5, 2022.
             Slain by Sigmund
             ... wielding a +0 scythe
              (19 damage)
             ... on level 2 of the Dungeon.
             The game lasted 00:12:21 (3254 turns).

mortz the Conjurer (Human Conjurer)                 Turns: 3254, Time: 00:12:21

Health: -1/36      AC:  3    Str:  8    XL:     5   Next: 50%
Magic:  5/9        EV: 11    Int: 20    God:
Gold:   54         SH:  0    Dex: 11    Spells: 6/9 levels left

rFire   . . .      SeeInvis .   o - +3 quarterstaff (chaos) {staff}
rCold   . . .      Faith    .   (shield currently unavailable)
rNeg    . . .      Spirit   .   c - +0 leather armour
rPois   .          Reflect  .   (no helmet)
rElec   .          Harm     .   (no cloak)
rCorr   .          Rampage  .   (no gloves)
Will    .....                   (no boots)
Stlth   +.........              (no amulet)
HPRegen 0.12/turn               (no ring)
MPRegen 0.11/turn               (no ring)

@: confused
A: no striking features
a: no special abilities


You were on level 2 of the Dungeon.
You visited 1 branch of the dungeon, and saw 2 of its levels.

You collected 54 gold pieces.


   Skills:
 + Level 0.8 Fighting
 + Level 0.3 Short Blades
 + Level 1.4 Armour
 + Level 2.3 Dodging
 + Level 2.3 Stealth
 + Level 2.7 Spellcasting
 + Level 5.2 Conjurations


You had 6 spell levels left.
You knew the following spells:

 Your Spells              Type           Power      Damage    Failure   Level
a - Magic Dart            Conj           92%        1d7       2%          1
b - Searing Ray           Conj           46%        2d6       3%          2

Your spell library contained the following spells:

 Spells                   Type           Power      Damage    Failure   Level
 Beastly Appendage        Tmut           4%         N/A       21%         1
 Dazzling Flash           Conj/Hex       26%        N/A       22%         3
 Wereblood                Tmut           2%         N/A       30%         2
 Spider Form              Tmut/Pois      2%         N/A       52%         3
 Fulminant Prism          Conj/Hex       6%         3d7       56%         4
 Iskenderun's Mystic Bla  Conj/Tloc      13%        2d5       56%         4

Inventory:

Hand Weapons
 d - a +0 dagger {short}
   (You took it off a kobold on level 1 of the Dungeon)
 g - a +0 short sword {short}
   (You took it off a kobold on level 1 of the Dungeon)
 j - a +0 spear {polearm}
   (You found it on level 2 of the Dungeon)
 l - a +1 vampiric dagger {short}
   (You took it off a goblin on level 1 of the Dungeon)
 o - a +3 quarterstaff of chaos (weapon) {staff}
   (You took it off Crazy Yiuf on level 2 of the Dungeon)
Missiles
 b - 109 stones {throwing}
Armour
 a - a +0 robe
 c - a +0 leather armour (worn)
   (You found it on level 1 of the Dungeon)
 n - a +1 cloak of willpower
   (You took it off Crazy Yiuf on level 2 of the Dungeon)
Scrolls
 e - 3 scrolls of identify {unknown}
 f - a scroll of blinking {unknown}
 h - a scroll of amnesia {unknown}
 i - a scroll of fear {unknown}
 m - a scroll of teleportation {unknown}
Potions
 k - a potion of brilliance {unknown}

Dungeon Overview and Level Annotations

Branches:
Dungeon (2/15)

Altars:

Annotations:
D:2 Sigmund

#............# #......####.
###############.## #......'..#.
#...............## #......##.#†
##.######.........####......##.#†
.................>...#......##.#.
#..##########....###.#......##.##
#..# ##..## #.#########... ...#
♣..@.♣ #.# #### ...####### ♣♣..@♣
#.##### ..)'.....# ♣♣.♣♣ #.....#
...####### ♣♣.♣ #.....########
.........# ♣.♣♣ #.....##......
#.#.##...# ♣♣.♣ #.....##.#####
.......>.# ♣.♣♣ #.....##.#
#........# ##†## #.....##.#
#........# #...# #........#
#........# #...# ##....####


You could see Sigmund (strong).


Message History

You feel yourself speed up. 😕 HP[-6] MP[-2]
You take 6 damage, and now have 30/36 hp.
You lost 2 mp, and now have 6/8 mp.
The searing ray hits Crazy Yiuf! 😕 MP[-1]
You lost 1 mp, and now have 5/8 mp.
The searing ray hits Crazy Yiuf.
Crazy Yiuf closely misses you. 😕 MP[-1]
You lost 1 mp, and now have 4/8 mp.
The searing ray hits Crazy Yiuf.
You finish channelling your searing ray.
Crazy Yiuf hits you with a +3 quarterstaff of chaos.
Crazy Yiuf burns you. 😮 HP[-6] MP[-1]
You take 6 damage, and now have 24/36 hp.
You lost 1 mp, and now have 3/8 mp.
Casting: Searing Ray (safe; 3% risk of failure)
Confirm with . or Enter, or press ? or * to list all spells.
Aiming: Searing Ray (safe; 3% risk of failure)
Press: ? - help, Shift-Dir - straight line, f/p - Crazy Yiuf
Aim: Crazy Yiuf, wielding a +3 quarterstaff of chaos and wearing a +1 cloak of willpower (severely wounded, 81% to hit)
The searing ray hits Crazy Yiuf!
You kill Crazy Yiuf! (Press . to maintain the ray.) 😮 MP[-2]
You lost 2 mp, and now have 1/9 mp.
n - a +1 cloak of willpower
There is an open translucent door, spattered with blood here.
Things that are here:
a +3 quarterstaff of chaos {staff}; the gnoll corpse of Crazy Yiuf
o - a +3 quarterstaff of chaos {staff} You feel the dreadful sensation subside.
Your +3 quarterstaff of chaos {staff} is briefly surrounded by a scintillating aura of random colours.
o - a +3 quarterstaff of chaos (weapon)
{staff} You start resting.
Your extra speed is starting to run out.
You feel yourself slow down. 😕 HP[+9] MP[+8]
You regained 9 hp, and now have 33/36 hp.
Your mp is fully restored (9).
You see here a +0 mace {mace}.
There is an open translucent door, spattered with blood here.
You see here the gnoll corpse of Crazy Yiuf. 😎 HP[+3]
Your hp is fully restored (36).
Casting: Searing Ray (safe; 3% risk of failure)
Confirm with . or Enter, or press ? or * to list all spells.
Aiming: Searing Ray (safe; 3% risk of failure)
Press: ? - help, Shift-Dir - straight line, f - Sigmund
Aim: Sigmund, wielding a +0 scythe and wearing a +2 robe of cold resistance (wandering, hasn't noticed you, 75% to hit)
The searing ray misses Sigmund. (Press . to maintain the ray.) Sigmund shouts!
Sigmund points at you and mumbles some strange words.
You resist with some effort. 😎 MP[-2]
You lost 2 mp, and now have 7/9 mp.
The searing ray hits Sigmund. 😎 MP[-1]
You lost 1 mp, and now have 6/9 mp.
The searing ray hits Sigmund. 😎 MP[-1]
You lost 1 mp, and now have 5/9 mp.
The searing ray hits Sigmund.
You finish channelling your searing ray.
Sigmund closely misses you. 😎 MP[-1]
You lost 1 mp, and now have 4/9 mp.
Casting: Searing Ray (safe; 3% risk of failure)
Confirm with . or Enter, or press ? or * to list all spells.
Aiming: Searing Ray (safe; 3% risk of failure)
Press: ? - help, Shift-Dir - straight line, f/p - Sigmund
Aim: Sigmund, wielding a +0 scythe and wearing a +2 robe of cold resistance (moderately wounded, 75% to hit)
Okay, then.
Sigmund closely misses you.
You barely miss Sigmund. You barely miss Sigmund. Sigmund misses you.
You hit Sigmund but do no damage.
Sigmund seems to grow stronger.
Sigmund gestures at you while chanting.
You are confused. 😎 MP[+1] You're too confused to move!
Sigmund gestures at you while chanting.
You are more confused.
You bump into the tree.
Sigmund closely misses you.
Sigmund hits you with a +0 scythe! 😮 HP[-14]
You take 14 damage, and now have 22/36 hp.
MASSIVE DAMAGE!! (PAUSE)
You miss Sigmund. Sigmund closely misses you. 😮 HP[+1]
You bump into the tree.
You bump into the tree.
Sigmund hits you with a +0 scythe.
* * * LOW HITPOINT WARNING * * *
😨 HP[-5]
You take 5 damage, and now have 18/36 hp.
You bump into the tree.
Sigmund hits you with a +0 scythe!!
Ouch! That really hurt!
You die...

Skill      XL: |  1  2  3  4  5 |
---------------+----------------+-----
Conjurations   | 5 |  5.2
Armour         | 1 |  1.4
Fighting       | |  0.8
Short Blades   | |  0.3
Dodging        | |  2.3
Stealth        | |  2.3
Spellcasting   | |  2.7

Action                   |  1- 3 |  4- 6 || total
-------------------------+-------+-------++-------
Melee: Unarmed           |    14 |       ||    14
       Dagger            |    16 |    23 ||    39
       Quarterstaff      |       |     4 ||     4
 Cast: Magic Dart        |    43 |    17 ||    60
       Searing Ray       |     6 |    10 ||    16
  Use: Potion            |       |     1 ||     1
Armor: Robe              |     3 |       ||     3
       Leather armour    |     6 |     6 ||    12
Dodge: Dodged            |    20 |    31 ||    51

Levels and vault maps discovered:
D:1:      nicolae_arrival_memento_mori, layout_basic,
          shapermc_ecumenical_altar_mp_vishouse, serial_forest,
          infiniplex_forest_lined_2, infiniplex_forest_diagonal,
          infiniplex_forest_clump_double, infiniplex_forest_clump_tiny,
          infiniplex_forest_lined_corner, infiniplex_forest_lined_2,
          infiniplex_forest_lined_ring, infiniplex_forest_lined_room_,
          grunt_decor_junction
D:2:      layout_basic, chequers_serial_rivers_large_a, uniq_sigmund,
          uniq_crazy_yiuf_cottage

Notes
Turn   | Place    | Note
-------+----------+-------------------------------------------
     0 | D:1      | mortz the Human Conjurer began the quest for the Orb.
     0 | D:1      | Reached XP level 1. HP: 13/13 MP: 3/3
     0 | D:1      | magus.rc [v1.9.6]
   348 | D:1      | Reached XP level 2. HP: 17/19 MP: 0/5
   355 | D:1      | Learned a level 2 spell: Searing Ray
  1160 | D:1      | Reached XP level 3. HP: 24/24 MP: 3/6
  1734 | D:1      | Found a faded altar of an unknown god.
  1946 | D:2      | Reached XP level 4. HP: 30/30 MP: 0/7
  1964 | D:2      | HP: 6/30 [adder (4)]
  1967 | D:2      | Reached skill level 5 in Conjurations
  1969 | D:2      | HP: 2/30 [poisoned by an adder]
  1974 | D:2      | HP: 5/30 [poisoned by an adder]
  2551 | D:2      | Reached XP level 5. HP: 35/35 MP: 6/8
  2559 | D:2      | You pick up a book of Changes and begin reading...
  2559 | D:2      | You add the spells Beastly Appendage, Wereblood and Spider
                  | Form to your library.
  2581 | D:2      | Noticed Sigmund
  3035 | D:2      | Reached skill level 1 in Armour
  3109 | D:2      | Found a runed translucent door.
  3110 | D:2      | Noticed Crazy Yiuf
  3118 | D:2      | Killed Crazy Yiuf
  3254 | D:2      | Slain by Sigmund

Vanquished Creatures
  Crazy Yiuf (D:2)
  5 gnolls (D:2)
  An adder (D:2)
  A worm (D:2)
  5 endoplasms
  A giant cockroach (D:2)
  7 goblins
  4 hobgoblins
  7 kobolds
  4 quokkas
  6 ball pythons
  2 bats (D:1)
  A frilled lizard (D:2)
  2 rats
47 creatures vanquished.

Table legend:
 A = Non-vault XP
 B = Vault XP
 C = Vault XP percentage of total XP
 D = Non-vault monster count
 E = Vault monster count
 F = Vault count percentage of total count
                 A         B        C        D         E       F
            +---------+---------+-------+---------+---------+-------
      Total |     160 |      44 |  21.6 |      46 |       1 |   2.1
            +---------+---------+-------+---------+---------+-------
        D:1 |      41 |       0 |   0.0 |      23 |       0 |   0.0
        D:2 |     119 |      44 |  27.0 |      23 |       1 |   4.2
            +---------+---------+-------+---------+---------+-------

Illustrated notes

Table legend:
 A = Kills in this place as a percentage of kills in entire the game.
 B = Kills by you in this place as a percentage of kills by you in the entire game.
 C = Kills by friends in this place as a percentage of kills by friends in the entire game.
 D = Other kills in this place as a percentage of other kills in the entire game.
 E = Experience gained in this place as a percentage of experience gained in the entire game.
 F = Experience gained in this place divided by the number of levels of this place that you have seen.
                   A       B       C       D       E      F
               +-------+-------+-------+-------+-------+----------------------
         Total | 100.0 | 100.0 |   N/A |   N/A | 100.0 | 102.0
       Dungeon | 100.0 | 100.0 |   N/A |   N/A | 100.0 | 102.0
               +-------+-------+-------+-------+-------+----------------------

Table legend: (Time is in decaauts)
 A = Elapsed time spent in this place.
 B = Non-inter-level travel time spent in this place.
 C = Inter-level travel time spent in this place.
 D = Time resting spent in this place.
 E = Time spent auto-exploring this place.
 F = Levels seen in this place.
 G = Mean time per level.
                   A        B        C        D        E       F      G
               +--------+--------+--------+--------+--------+-----+--------+
         Total |   3241 |   3088 |    153 |   1129 |   1425 |   2 | 1620.5 |
       Dungeon |   3241 |   3088 |    153 |   1129 |   1425 |   2 | 1620.5 |
               +--------+--------+--------+--------+--------+-----+--------+

Top non-repeatable levels by time:
     D:1: 1837 daAuts
     D:2: 1404 daAuts
